 Dungeon Crawl Stone Soup version 0.24.0-2-g5b39cebb1c (webtiles) character file.

Game seed: 670787081385545648, levelgen mode: deterministic

3679 MTVSty1e the Cleaver (level 9, 0/73 HPs)
             Began as a White Draconian Gladiator on Oct 29, 2019.
             Was a Follower of Okawaru.
             Slain by an orc warrior
             ... wielding a +0 dire flail
              (10 damage)
             ... on level 8 of the Dungeon.
             The game lasted 00:14:24 (9541 turns).

MTVSty1e the Cleaver (White Draconian Gladiator)    Turns: 9541, Time: 00:14:24

Health: 0/73       AC:  9    Str: 21 (22) XL:     9   Next: 90%
Magic:  9/9        EV: 13    Int:  6 (8)  God:    Okawaru [*.....]
Gold:   350        SH:  5    Dex: 10 (13) Spells: 8/8 levels left

rFire    . . .     SeeInvis .   a - +1 war axe
rCold    + . .     Gourm    .   n - +2 buckler
rNeg     . . .     Faith    .   (armour unavailable)
rPois    +         Spirit   .   b - +1 hat
rElec    .         Reflect  .   r - +0 cloak
rCorr    .         Harm     .   (no gloves)
MR       .....                  (no boots)
Stlth    +.........             (no amulet)
HPRegen  0.22/turn              (no ring)
MPRegen  0.11/turn              (no ring)

@: short of breath
A: breathe frost, unfitting armour, big wings, cold resistance 1, poison
resistance, strong 1, cold-blooded, AC +7
a: Breathe Frost, Fly, Heroism, Renounce Religion


You were on level 8 of the Dungeon.
You worshipped Okawaru.
Okawaru was aware of your devotion.
You were not hungry.

You visited 2 branches of the dungeon, and saw 9 of its levels.

You collected 350 gold pieces.

Inventory:

Hand Weapons
 a - a +1 war axe (weapon)
Missiles
 c - 4 throwing nets (quivered)
Armour
 b - a +1 hat (worn)
 m - a +0 shield
 n - a +2 buckler (worn)
 r - a +0 cloak (worn)
Wands
 j - a wand of random effects (24)
 l - a wand of paralysis (13)
 w - a wand of iceblast (6)
Scrolls
 g - 2 scrolls of fog
 h - 3 scrolls of enchant weapon
 o - a scroll of teleportation
 p - a scroll of blinking
 q - 2 scrolls of remove curse
 t - 9 scrolls of identify
Potions
 e - a potion of magic
 f - 7 potions of curing
 i - 2 potions of invisibility
 k - 3 potions of agility
 s - a potion of heal wounds
 u - a potion of flight
Comestibles
 d - 13 rations


   Skills:
 + Level 4.9 Fighting
 * Level 12.9 Axes
 - Level 1.7 Throwing
 + Level 4.5 Dodging


You had 8 spell levels left.
You didn't know any spells.
Your spell library contained the following spells:

 Spells                   Type           Power        Failure   Level  Hunger
 Animate Skeleton         Necr           N/A          63%         1    ##.....
 Pain                     Necr           #...         63%         1    ##.....
 Poisonous Vapours        Pois/Air       #.....       77%         2    ###....
 Conjure Flame            Conj/Fire      #.......     94%         3    ####...
 Mephitic Cloud           Conj/Pois/Air  #.......     94%         3    ####...
 Regeneration             Chrm/Necr      #.........   94%         3    ####...
 Vampiric Draining        Necr           #.........   94%         3    ####...
 Animate Dead             Necr           N/A          100%        4    #####..
 Freezing Cloud           Conj/Ice/Air   #.........   100%        6    #######
 Ring of Flames           Chrm/Fire      #.........   100%        7    #######


Dungeon Overview and Level Annotations

Branches:
Dungeon (8/15)             Temple (1/1) D:6
   Lair: D:8-11

Altars:
Cheibriados
Dithmenos
Elyvilon
Fedhas
Gozag
Hepliaklqana
Makhleb
Nemelex Xobeh
Okawaru
Qazlal
Ru
Sif Muna
Trog
Uskayaw
Vehumet
Wu Jian
Xom
Yredelemnul
Zin
The Shining One


Innate Abilities, Weirdness & Mutations

You can breathe waves of freezing cold.
You can buffet flying creatures when you breathe cold.
Your icy white scales are hard. (AC +7)
You cannot fit into any form of body armour.
Your flesh is cold resistant. (rC+)
You are cold-blooded and may be slowed by cold attacks.
Your large and strong wings let you fly indefinitely.
Your system is resistant to poisons. (rPois)
Your muscles are strong. (Str +2)


Message History

The orc warrior throws a boomerang.
Reactivating autopickup.
The weapon returns to the orc warrior!
The orc warrior throws a boomerang.
The boomerang barely misses you.
The weapon returns to the orc warrior!
Press: ? - help, Shift-Dir - straight line, f - orc warrior
Aim: an orc warrior, wielding a +0 dire flail and wearing a +0 plate armour (unusually agile)
You exhale a wave of freezing cold.
The freezing breath misses the orc warrior.
You feel somewhat more hungry.
The orc warrior throws a boomerang.
The boomerang completely misses you.
The weapon returns to the orc warrior!
The orc warrior throws a boomerang.
The boomerang hits you!
The weapon returns to the orc warrior!
The orc warrior hits you with a +0 dire flail!!
* * * LOW HITPOINT WARNING * * *
Things that are here:
a +0 dagger; a +0 robe; an orc corpse The orc warrior hits you with a +0 dire flail!
You die...

#.# ##.............# #.#
###.#.#.........# #.#
###...............# #.#
#...#........ ##.#
###.###.####...
#..#####...# #.# ####
#........#####.####.....
........###....)........
........###....o@.......
........##.).......#....
........................
...................#....
........................
###########(..######....
###.. .... #### ..


You could see an orc warrior.

Vanquished Creatures
  Grinder (D:6)
  4 hogs (D:7)
  A human (D:7)
  Edmund (D:5)
  A water moccasin (D:7)
  An ice beast (D:6)
  2 phantoms
  An orc warrior (D:7)
  5 centaurs
  6 ogres
  A big kobold (D:7)
  A bullfrog (D:7)
  3 killer bees
  2 howler monkeys (D:4)
  A crimson imp (D:5)
  4 orc priests
  2 jellies
  A bullfrog skeleton (D:6)
  A hound (D:5)
  8 orc wizards
  2 iguanas (D:6)
  Ijyb (D:5)
  3 worker ants
  2 hound skeletons
  A worker ant zombie (D:7)
  16 adders
  A howler monkey skeleton (D:5)
  An ooze (D:2)
  An adder skeleton (D:6)
  6 worms
  4 dart slugs
  3 leopard geckos
  16 orcs
  A ball python (D:3)
  6 giant cockroaches
  2 goblins
  8 hobgoblins
  2 jackals (D:6)
  20 kobolds
  2 quokkas
  A ball python zombie (D:5)
  8 bats
  5 frilled lizards
  A goblin zombie (D:6)
  A jackal skeleton (D:8)
  2 leopard gecko skeletons
  A quokka skeleton (D:4)
  A quokka zombie (D:6)
  10 rats
175 creatures vanquished.

Vanquished Creatures (others)
  An orc wizard (D:8)
1 creature vanquished.

Grand Total: 176 creatures vanquished

Notes
Turn   | Place    | Note
-------+----------+-------------------------------------------
     0 | D:1      | MTVSty1e the Draconian Gladiator began the quest for the
                  | Orb.
     0 | D:1      | Reached XP level 1. HP: 17/17 MP: 1/1
    90 | D:1      | Reached XP level 2. HP: 18/24 MP: 2/2
   215 | D:1      | Reached skill level 4 in Axes
   408 | D:2      | Reached XP level 3. HP: 29/29 MP: 3/3
   548 | D:2      | Reached XP level 4. HP: 22/36 MP: 4/4
   713 | D:2      | Reached skill level 5 in Axes
  1219 | D:2      | Found a snail-covered altar of Cheibriados.
  1435 | D:3      | Reached XP level 5. HP: 36/41 MP: 5/5
  1622 | D:3      | Found a radiant altar of Vehumet.
  1656 | D:3      | Reached skill level 6 in Axes
  2866 | D:4      | Found a hazy altar of Hepliaklqana.
  2907 | D:4      | Reached XP level 6. HP: 12/48 MP: 6/6
  3171 | D:4      | Reached skill level 7 in Axes
  3448 | D:5      | Entered Level 5 of the Dungeon
  3888 | D:5      | Reached skill level 8 in Axes
  3888 | D:5      | Your scales start taking on an icy white colour.
  3888 | D:5      | Reached XP level 7. HP: 55/55 MP: 7/7
  3888 | D:5      | Gained mutation: Your flesh is cold resistant. (rC+) [White
                  | Draconian growth]
  3931 | D:5      | Noticed Ijyb
  3940 | D:5      | Killed Ijyb
  4191 | D:5      | Noticed Edmund
  4209 | D:5      | Killed Edmund
  4549 | D:6      | Reached skill level 9 in Axes
  4590 | D:6      | Found a staircase to the Ecumenical Temple.
  5048 | D:6      | Reached XP level 8. HP: 40/61 MP: 8/8
  5053 | D:6      | Reached skill level 10 in Axes
  5640 | D:6      | Found a shadowy altar of Dithmenos.
  5740 | D:6      | Noticed Grinder
  5747 | D:6      | Killed Grinder
  5747 | D:6      | Reached skill level 11 in Axes
  5804 | Temple   | Entered the Ecumenical Temple
  5986 | Temple   | Became a worshipper of Warmaster Okawaru
  6548 | D:7      | Reached XP level 9. HP: 65/68 MP: 9/9
  6628 | D:7      | Gained mutation: Your system is resistant to poisons.
                  | (rPois) [potion of mutation]
  6628 | D:7      | Gained mutation: Your large and strong wings let you fly
                  | indefinitely. [potion of mutation]
  6628 | D:7      | Gained mutation: Your muscles are strong. (Str +2) [potion
                  | of mutation]
  6633 | D:7      | HP: 1/68 [hog (5)]
  7058 | D:7      | Reached skill level 12 in Axes
  7732 | D:7      | Reached * piety under Okawaru
  9244 | D:8      | Found a glowing golden altar of the Shining One.
  9541 | D:8      | Slain by an orc warrior

Levels and vault maps discovered:
D:1:      minmay_arrival_open_corners, layout_basic
D:2:      layout_rooms, kennysheep_slug_shrine
D:3:      layout_basic, vehumet_crystals
D:4:      layout_loops_ring, kennysheep_mini_moat
D:5:      layout_gridville, first_ration, minmay_starry_boxes, uniq_edmund,
          uniq_ijyb
D:6:      layout_rooms, nicolae_overflow_crystal_walls, temple_statues,
          enter_ossuary_4, uniq_grinder
D:7:      layout_cave_pods, grunt_livestock
D:8:      layout_rooms, lemuel_crystal_altar, roderic_lattice_a
Temple:   regret_index_temple_generic_petals

Skill      XL: |  1  2  3  4  5  6  7  8  9 |
---------------+----------------------------+-----
Axes           | 4 5 6 8 9 11 12 | 12.9
Dodging        | 4 |  4.5
Fighting       | 4 |  4.9
Throwing       | |  1.7

Action                   |  1- 3 |  4- 6 |  7- 9 || total
-------------------------+-------+-------+-------++-------
Melee: War axe           |    76 |   217 |   316 ||   609
       Tailslap          |    12 |    22 |    53 ||    87
 Abil: Breathe Frost     |       |       |     6 ||     6
  Use: Scroll            |       |     9 |    11 ||    20
       Potion            |       |       |     7 ||     7
 Stab: Sleeping          |     2 |     1 |       ||     3
       Distracted        |       |       |     2 ||     2
  Eat: Chunk             |       |     3 |       ||     3
       Ration            |       |     2 |     6 ||     8
Armor: Skin              |    20 |    57 |    68 ||   145
Dodge: Dodged            |    62 |   159 |   185 ||   406
Block: Buckler           |       |     9 |    76 ||    85
